[Event "Titled Tuesday Blitz February 15 Early 2022"]
[White "Varney, Zoe"]
[Black "Bintang, Rasyid A. Hidayat"]
[WhiteFideId "436135"]
[BlackFideId "7105355"]
[WhiteElo "1808"]
[BlackElo "2353"]
[Result "1/2-1/2"]
[Round "07"]
[TimeControl "180+1"]
[Date "2022.02.15"]
[WhiteClock "0:00:09"]
[BlackClock "0:00:06"]

1. e4 e5 2. Nf3 Nc6 3. Bc4 Nf6 4. Ng5 d5 5. exd5 Nd4 6. c3 b5 7. Bf1 Nxd5 8. cxd4 Qxg5 9. Bxb5+ Kd8 10. Qf3 Bb7 11. O-O Rb8 12. dxe5 Ne3 13. Qh3 Qxg2+ 14. Qxg2 Nxg2 15. d4 Be7 16. Nc3 Nh4 17. f4 Nf3+ 18. Kf2 Nxh2 19. Rg1 g6 20. Be2 Bh4+ 21. Ke3 f6 22. Bd2 fxe5 23. dxe5 Be7 24. Ne4 Bxe4 25. Kxe4 Rxb2 26. Rad1 Kc8 27. Rh1 Rxa2 28. Rxh2 Ra4+ 29. Kf3 h5 30. Kg2 Rf8 31. Kh1 Re4 32. Ba6+ Kd8 33. Bb4+ Ke8 34. Bxe7 Kxe7 35. Rf2 Rfxf4 36. Rxf4 Rxf4 37. Bb5 Re4 38. Rd7+ Ke6 39. Rxc7 Rxe5 40. Bc4+ Kd6 41. Rxa7 Rc5 42. Bf7 Rc7 43. Ra6+ Rc6 44. Rxc6+ Kxc6 45. Bxg6 h4 46. Kh2 Kd5 47. Kh3 Ke6 48. Kxh4 1/2-1/2


[Site "https://www.chess.com"]

[Event "Titled Tuesday Blitz February 15 Early 2022"]
[White "Vetokhin, Ilia"]
[Black "Deuer, Marius"]
[WhiteFideId "24156078"]
[BlackFideId "16236432"]
[WhiteElo "1897"]
[BlackElo "2091"]
[Result "1-0"]
[Round "07"]
[TimeControl "180+1"]
[Date "2022.02.15"]
[WhiteClock "0:00:09"]
[BlackClock "0:00:01"]

1. d4 e6 2. c4 Nf6 3. g3 c5 4. Nf3 cxd4 5. Nxd4 Nc6 6. Bg2 Bb4+ 7. Bd2 Qa5 8. Nb3 Bxd2+ 9. N1xd2 Qc7 10. O-O O-O 11. Rc1 d6 12. c5 d5 13. e4 dxe4 14. Nxe4 Nxe4 15. Bxe4 Rd8 16. Qh5 g6 17. Qg5 Bd7 18. h4 Rab8 19. f4 Be8 20. h5 Qe7 21. Qg4 f5 22. Qf3 fxe4 23. Qxe4 gxh5 24. Rce1 Bg6 25. Qf3 Rd3 26. Qf2 Rbd8 27. Kh2 h4 28. gxh4 Bf5 29. Rg1+ Kh8 30. Rg3 Rxg3 31. Qxg3 Rd3 32. Qg5 Qxg5 33. hxg5 Kg7 34. Kg2 h6 35. gxh6+ Kxh6 36. Re2 Nd4 37. Nxd4 Rxd4 38. Kg3 Kg6 39. Re3 Kf6 40. Rb3 Rd7 41. a3 Rc7 42. Rc3 Be4 43. Kf2 Kf5 44. Ke3 Bd5 45. b4 Rh7 46. Kd4 Kxf4 47. b5 Rh1 48. c6 Rd1+ 49. Kc5 bxc6 50. bxc6 Rh1 51. c7 Rh8 52. Kd6 Bb7 53. Kxe6 Ke4 54. Kd7 Bc8+ 55. Kd6 Kd4 56. Rg3 Rh6+ 57. Ke7 Kc5 58. Rg8 Rh7+ 59. Kd8 Ba6 60. Rg5+ Kb6 61. Rg6+ Ka5 62. Rxa6+ 1-0


[Site "https://www.chess.com"]

[Event "Titled Tuesday Blitz February 15 Early 2022"]
[White "Viani Antonio Dcunha"]
[Black "Deac, Bogdan-Daniel"]
[WhiteFideId "5027330"]
[BlackFideId "1226380"]
[WhiteElo "2366"]
[BlackElo "2646"]
[Result "0-1"]
[Round "07"]
[TimeControl "180+1"]
[Date "2022.02.15"]
[WhiteClock "0:00:06"]
[BlackClock "0:00:12"]

1. e4 g6 2. d4 Bg7 3. Nc3 c6 4. f4 d5 5. e5 h5 6. Nf3 Bg4 7. h3 Bxf3 8. Qxf3 e6 9. Be3 h4 10. Bd3 Nh6 11. O-O Nd7 12. b4 Bf8 13. Rab1 Nf5 14. Bf2 Rc8 15. a4 Be7 16. a5 Kf8 17. Na4 b6 18. axb6 axb6 19. c3 Rh5 20. Ra1 c5 21. bxc5 bxc5 22. Bb5 Rc7 23. Bxd7 Qxd7 24. Nxc5 Qc8 25. Ra5 Kg7 26. Rfa1 Rh8 27. Qd3 Rc6 28. Qb5 Bxc5 29. dxc5 Rc7 30. Ra7 Rd8 31. Rxc7 Qxc7 32. Qb6 Rc8 33. Ra7 Qxb6 34. cxb6 Rxc3 35. Rc7 Rb3 36. b7 Rb1+ 37. Kh2 d4 38. Rd7 d3 39. Ba7 Ng3 40. Bg1 d2 41. Rd3 Nf1+ 42. Kh1 Rxb7 43. g4 Rb1 0-1


[Site "https://www.chess.com"]

[Event "Titled Tuesday Blitz February 15 Early 2022"]
[White "Vine, Elzbieta"]
[Black "Singh, Ojasva"]
[WhiteFideId "1119320"]
[BlackFideId "25681958"]
[WhiteElo "1845"]
[BlackElo "1741"]
[Result "0-1"]
[Round "07"]
[TimeControl "180+1"]
[Date "2022.02.15"]
[WhiteClock "0:00:15"]
[BlackClock "0:02:35"]

1. e4 e5 2. Nf3 d6 3. Nc3 Nf6 4. Bc4 Be7 5. O-O O-O 6. d4 exd4 7. Nxd4 Nc6 8. Nf5 Bxf5 9. exf5 Ne5 10. Bb3 c6 11. f4 Neg4 12. Ne4 Nxe4 13. Qxg4 Qb6+ 14. Kh1 Nf2+ 15. Rxf2 Qxf2 16. Qd1 Bf6 17. c3 Rfe8 18. Bd2 Re2 19. Bxf7+ Kxf7 20. Qb3+ Kf8 21. Rg1 Rxd2 22. Qxb7 Re8 23. Qxc6 Qxg1+ 24. Kxg1 Re1# 0-1


[Site "https://www.chess.com"]

[Event "Titled Tuesday Blitz February 15 Early 2022"]
[White "Vitiugov, Nikita"]
[Black "Le, Tuan Minh"]
[WhiteFideId "4152956"]
[BlackFideId "12401153"]
[WhiteElo "2673"]
[BlackElo "2450"]
[Result "0-1"]
[Round "07"]
[TimeControl "180+1"]
[Date "2022.02.15"]
[WhiteClock "0:00:46"]
[BlackClock "0:00:29"]

1. e4 c5 2. Nf3 Nf6 3. e5 Nd5 4. Nc3 e6 5. Ne4 f5 6. Nd6+ Bxd6 7. exd6 Qb6 8. c4 Nf6 9. d4 Qxd6 10. dxc5 Qxc5 11. Be2 O-O 12. O-O Nc6 13. a3 a5 14. b4 Qe7 15. b5 Nd8 16. a4 Nf7 17. Ba3 d6 18. Rc1 b6 19. Nd4 Bd7 20. Re1 e5 21. Bf3 e4 22. Qd2 Rac8 23. Be2 Rfd8 24. Bf1 Ne5 25. h3 g6 26. Red1 Be8 27. Qf4 Bf7 28. Nc6 Nxc6 29. Bxd6 Rxd6 30. Qxd6 Ne8 31. Qxe7 Nxe7 32. Rd7 Nd5 33. Rd1 Nc3 34. Ra1 Bxc4 35. Rb7 Bxf1 36. Kxf1 Nd5 37. Rd1 Nef6 38. g4 fxg4 39. hxg4 h6 40. Rd4 Rc1+ 41. Kg2 Nf4+ 42. Kh2 Nxg4+ 0-1


[Site "https://www.chess.com"]

[Event "Titled Tuesday Blitz February 15 Early 2022"]
[White "Vlassov, Nikolai"]
[Black "Guliyev, Namig"]
[WhiteFideId "4103360"]
[BlackFideId "13400363"]
[WhiteElo "2600"]
[BlackElo "2780"]
[Result "1-0"]
[Round "07"]
[TimeControl "180+1"]
[Date "2022.02.15"]
[WhiteClock "0:00:21"]
[BlackClock "0:00:20"]

1. e4 c5 2. c3 d5 3. exd5 Qxd5 4. d4 Nf6 5. Nf3 Bg4 6. dxc5 Qxc5 7. h3 Bd7 8. Be3 Qc8 9. Nbd2 g6 10. Qb3 Bg7 11. Bc4 O-O 12. Ng5 e6 13. O-O Nc6 14. Be2 Qc7 15. Rad1 Rad8 16. Nc4 Bc8 17. Bc5 Rfe8 18. Bd6 Qd7 19. Ba3 Qc7 20. Nd6 Rf8 21. Nb5 Qe5 22. Bxf8 Rxf8 23. Nf3 Qc5 24. Nd6 Nd5 25. Nxc8 Rxc8 26. Rfe1 Na5 27. Qa4 Qc7 28. Nd4 a6 29. Bf3 Nc4 30. Bxd5 Nxb2 31. Qb3 Nxd1 32. Nxe6 Re8 33. Nxc7 Rxe1+ 34. Kh2 Be5+ 35. g3 Bxc7 36. Bxf7+ Kg7 37. Qc4 Be5 38. Be8 Bxc3 39. Qf7+ Kh6 40. Qf8+ Bg7 41. Qf4+ g5 42. Qd6+ 1-0


[Site "https://www.chess.com"]

[Event "Titled Tuesday Blitz February 15 Early 2022"]
[White "Vusatiuk, Vladimir"]
[Black "Qashashvili, Alexandre"]
[WhiteFideId "14118610"]
[BlackFideId "13600842"]
[WhiteElo "2157"]
[BlackElo "2316"]
[Result "1/2-1/2"]
[Round "07"]
[TimeControl "180+1"]
[Date "2022.02.15"]
[WhiteClock "0:00:09"]
[BlackClock "0:00:14"]

1. g4 c6 2. Bg2 d5 3. c4 h6 4. cxd5 cxd5 5. h3 Nf6 6. d3 Nc6 7. Nc3 e6 8. Nf3 Bb4 9. O-O O-O 10. Bf4 Bd6 11. Bxd6 Qxd6 12. d4 Ne4 13. Rc1 Nxc3 14. bxc3 b6 15. c4 dxc4 16. Ne5 Bb7 17. Nxc4 Qe7 18. Bxc6 Bxc6 19. Nxb6 axb6 20. Rxc6 Rxa2 21. Rxb6 Rc8 22. e3 Rcc2 23. Qf3 g6 24. Rb7 Rc7 25. Rfb1 Rac2 26. Rxc7 Rxc7 27. Rb8+ Kh7 28. Qa8 Qf6 29. Kg2 Rc2 30. Qf3 Qxf3+ 31. Kxf3 Kg7 32. Rb7 Ra2 33. h4 Kf6 34. g5+ hxg5 35. hxg5+ Kg7 36. Kg3 Re2 37. Ra7 Kf8 38. Rc7 Ke8 39. Rb7 Kf8 40. Ra7 Ke8 41. Kf3 Rb2 42. Rc7 Kf8 43. Rc1 Ke7 44. Rf1 Kd6 45. Ke4 Rb5 46. f4 Rb3 47. Ra1 Ke7 48. Ra7+ Ke8 49. Ra8+ Ke7 50. Ra7+ Ke8 51. Ra5 Ke7 52. Kf3 Ke8 53. d5 exd5 54. Rxd5 Ke7 55. Ra5 Rc3 56. Ra7+ Ke6 57. Ra6+ Ke7 58. Ra5 Rb3 59. Re5+ Kf8 60. Re4 Rb1 61. Ke2 Rb3 62. Rd4 Ke7 63. Rd3 Rb2+ 64. Kf3 Rb1 65. Ra3 Rb4 66. Ra6 Ke8 67. Ra8+ Ke7 68. Ra3 Ke6 69. e4 Rb1 70. Ra6+ Ke7 71. Ke3 Rb4 72. Ra3 Ke6 73. Rc3 Ke7 74. Rd3 Ke6 75. Ra3 Ke7 76. Kf3 Rc4 77. Ra6 Rc3+ 78. Kg4 Re3 79. Ra4 Ke6 80. Rb4 Ke7 81. Rc4 Ke6 82. Ra4 Ke7 83. f5 gxf5+ 84. Kxf5 Rf3+ 85. Ke5 Rg3 86. Ra7+ Kf8 87. Kf4 Rg1 88. Ra5 Kg7 89. Rf5 Rf1+ 90. Ke5 Ra1 91. Rf6 Ra5+ 92. Kf4 Ra1 93. Rb6 Rf1+ 94. Kg4 Rg1+ 95. Kf5 Rf1+ 96. Ke5 Rg1 97. Kf4 Rf1+ 98. Ke3 Rg1 99. Rb5 Kg6 100. Kf4 Rf1+ 101. Ke5 Kxg5 102. Kd6+ Kg6 103. Ke7 Re1 104. e5 Re2 105. Rb6+ Kf5 106. Kxf7 Rxe5 107. Rb1 Ke4 108. Re1+ Kd5 109. Rd1+ Ke4 110. Kf6 Rf5+ 111. Ke6 Rf2 112. Re1+ Kf3 113. Ke5 Re2+ 114. Rxe2 Kxe2 1/2-1/2


[Site "https://www.chess.com"]

[Event "Titled Tuesday Blitz February 15 Early 2022"]
[White "Weetik, Vjacheslav"]
[Black "Chernomordik, Pavel"]
[WhiteFideId "4153472"]
[BlackFideId "2804530"]
[WhiteElo "2469"]
[BlackElo "2249"]
[Result "1-0"]
[Round "07"]
[TimeControl "180+1"]
[Date "2022.02.15"]
[WhiteClock "0:00:44"]
[BlackClock "0:00:13"]

1. d4 g6 2. e4 Bg7 3. Nc3 d6 4. Nf3 a6 5. a4 b6 6. Bc4 e6 7. O-O Bb7 8. Re1 Nd7 9. h3 Ne7 10. Bf4 h6 11. Bh2 O-O 12. Qd2 Kh7 13. Rad1 Nf6 14. Bd3 Qd7 15. e5 Nfd5 16. Ne4 dxe5 17. Nxe5 Qxa4 18. c3 Nf5 19. Qe2 Rad8 20. g4 Nd6 21. h4 Qe8 22. h5 Kh8 23. hxg6 f5 24. Nxd6 cxd6 25. Nf7+ Rxf7 26. gxf7 Qxf7 27. Qxe6 Qxe6 28. Rxe6 Rf8 29. Bxf5 Bc8 30. Rxd6 Bxf5 31. gxf5 Rxf5 32. Re1 Rg5+ 33. Kf1 Rh5 34. Bg3 b5 35. Rxa6 b4 36. c4 Rh1+ 37. Ke2 Rxe1+ 38. Kxe1 Ne7 39. Be5 1-0


[Site "https://www.chess.com"]

[Event "Titled Tuesday Blitz February 15 Early 2022"]
[White "Williams, Simon K"]
[Black "Kamsky, Gata"]
[WhiteFideId "404454"]
[BlackFideId "2000024"]
[WhiteElo "2468"]
[BlackElo "2645"]
[Result "0-1"]
[Round "07"]
[TimeControl "180+1"]
[Date "2022.02.15"]
[WhiteClock "0:00:09"]
[BlackClock "0:00:46"]

1. d4 d5 2. c4 c6 3. Nc3 Nf6 4. Nf3 a6 5. Qc2 dxc4 6. e4 b5 7. Be2 g6 8. O-O Bg7 9. Bf4 O-O 10. Rad1 Nh5 11. Bg5 Qc7 12. Qc1 Re8 13. Nh4 Nf6 14. e5 Nd5 15. Bh6 Bh8 16. f4 Nxc3 17. bxc3 f5 18. g4 e6 19. Rf2 Bg7 20. Bxg7 Qxg7 21. Rg2 Ra7 22. Kf2 Qh6 23. Nf3 Rf8 24. Rdg1 fxg4 25. Rxg4 Raf7 26. Ng5 Rf5 27. h4 Nd7 28. Bf3 Nb6 29. Be4 Nd5 30. Bxf5 exf5 31. R4g3 Qh5 32. e6 Re8 33. Qe1 Qxh4 34. Nf3 Qxf4 35. Rxg6+ hxg6 36. Rxg6+ Kh7 37. Qg1 Qe3+ 0-1


[Site "https://www.chess.com"]

[Event "Titled Tuesday Blitz February 15 Early 2022"]
[White "Willow, Jonah B"]
[Black "Garriga Cazorla, Pere"]
[WhiteFideId "438804"]
[BlackFideId "32011601"]
[WhiteElo "2261"]
[BlackElo "2458"]
[Result "1-0"]
[Round "07"]
[TimeControl "180+1"]
[Date "2022.02.15"]
[WhiteClock "0:00:19"]
[BlackClock "0:00:01"]

1. e4 c5 2. Nf3 d6 3. Nc3 a6 4. g3 g6 5. Bg2 Bg7 6. O-O Nc6 7. d3 b5 8. h3 b4 9. Nd5 e6 10. Ne3 Nge7 11. a3 bxa3 12. Rxa3 O-O 13. c3 a5 14. d4 cxd4 15. cxd4 Nb4 16. Re1 Bb7 17. Nc4 d5 18. exd5 Nexd5 19. Bg5 Qc7 20. b3 a4 21. Bd2 Rfc8 22. Nfe5 f6 23. Bxb4 Nxb4 24. Bxb7 Qxb7 25. Nd6 Qc7 26. Nxc8 fxe5 27. Rxa4 Rxa4 28. bxa4 Qxc8 29. dxe5 Bf8 30. a5 Nd5 31. Qd3 Bc5 32. Ra1 Nb4 33. Qe4 Qa6 34. Kg2 Nd3 35. Rd1 Nxf2 36. Rd8+ Kg7 37. Rd7+ Kg8 38. Qf3 Nd3 39. Qf7+ 1-0


[Site "https://www.chess.com"]

[Event "Titled Tuesday Blitz February 15 Early 2022"]
[White "Winkels, Marcel"]
[Black "Gubanov, Oleg"]
[WhiteFideId "1003887"]
[BlackFideId "14115115"]
[WhiteElo "1900"]
[BlackElo "2080"]
[Result "0-1"]
[Round "07"]
[TimeControl "180+1"]
[Date "2022.02.15"]
[WhiteClock "0:00:01"]
[BlackClock "0:00:42"]

1. e4 Nf6 2. e5 Nd5 3. d4 d6 4. Nf3 dxe5 5. Nxe5 c6 6. Be2 Bf5 7. O-O Nd7 8. a3 Nxe5 9. dxe5 e6 10. c4 Nb6 11. Nc3 Qxd1 12. Rxd1 Be7 13. Be3 Rd8 14. Rxd8+ Kxd8 15. Rd1+ Kc7 16. b4 a5 17. bxa5 Nd7 18. Bd3 Bxd3 19. Rxd3 Nxe5 20. Bf4 f6 21. Ne4 Ra8 22. h3 Rxa5 23. Bxe5+ Rxe5 24. Nd2 Ra5 25. Nb1 Ra4 26. Rc3 Kb6 27. Rb3+ Kc7 28. Rc3 Bd6 29. Kf1 Be5 30. Rc2 Bd6 31. Rc3 Ra6 32. Ke2 Rb6 33. Nd2 Rb2 34. c5 Be5 35. Rd3 Rc2 36. g3 Rxc5 37. f4 Bd6 38. Ne4 Rd5 39. Rb3 e5 40. fxe5 Bxe5 41. Nd2 Rc5 42. Kd3 Bxg3 43. Ne4 Rd5+ 44. Ke3 Be5 45. Nd2 f5 46. Nf3 Bf6 47. Kf4 g6 48. Ke3 Rc5 49. Nd4 Re5+ 50. Kd3 Rd5 0-1


[Site "https://www.chess.com"]

[Event "Titled Tuesday Blitz February 15 Early 2022"]
[White "Xiong, Jeffery"]
[Black "Moroni, Luca Jr"]
[WhiteFideId "2047640"]
[BlackFideId "865834"]
[WhiteElo "2727"]
[BlackElo "2573"]
[Result "1/2-1/2"]
[Round "07"]
[TimeControl "180+1"]
[Date "2022.02.15"]
[WhiteClock "0:00:03"]
[BlackClock "0:00:04"]

1. e4 d6 2. d4 e5 3. Nf3 exd4 4. Nxd4 Nf6 5. Nc3 Be7 6. Bf4 O-O 7. Qd2 d5 8. Ndb5 c6 9. Nc7 Bb4 10. Bd3 d4 11. Nxa8 Bg4 12. a3 dxc3 13. bxc3 Ba5 14. f3 Be6 15. Rb1 Nbd7 16. Rxb7 Qxa8 17. Rb2 Nc5 18. O-O Na4 19. Rb4 Bxb4 20. cxb4 Nb2 21. Be2 Rd8 22. Qc3 Na4 23. Qa1 Ne8 24. Be3 a5 25. c4 h6 26. Rb1 Nd6 27. Rc1 Ne8 28. Bd1 Rd3 29. Kf2 Rxe3 30. Kxe3 Nb6 31. Bb3 Qa7 32. Qd4 axb4 33. axb4 Qa3 34. Qc3 c5 35. bxc5 Qxc5+ 36. Qd4 Qa3 37. Qc3 Qc5+ 38. Qd4 Qg5+ 39. f4 Qxg2 40. Rc2 Qg1+ 41. Kd3 Qd1+ 42. Kc3 Qa1+ 43. Kd3 Qd1+ 44. Kc3 Qa1+ 45. Kd3 Qd1+ 1/2-1/2


[Site "https://www.chess.com"]

[Event "Titled Tuesday Blitz February 15 Early 2022"]
[White "Yang, Kaiqi"]
[Black "Samadov, Read"]
[WhiteFideId "8604398"]
[BlackFideId "13417444"]
[WhiteElo "2640"]
[BlackElo "2823"]
[Result "0-1"]
[Round "07"]
[TimeControl "180+1"]
[Date "2022.02.15"]
[WhiteClock "0:00:04"]
[BlackClock "0:00:11"]

1. c4 e5 2. g3 Nf6 3. Bg2 Nc6 4. Nc3 Bb4 5. e4 O-O 6. Nge2 a6 7. O-O b5 8. d3 bxc4 9. dxc4 a5 10. h3 Bc5 11. b3 d6 12. Kh2 Re8 13. Qd3 Bb7 14. Be3 Nb4 15. Qd2 Bxe3 16. fxe3 Nd7 17. Nd5 Nc5 18. Nxb4 axb4 19. Qxb4 Bxe4 20. Bxe4 Nxe4 21. Qb7 Nc5 22. Qd5 Qd7 23. Nc3 c6 24. Qd2 Qe6 25. Rad1 Rad8 26. b4 Nd7 27. Qe2 Nb6 28. c5 dxc5 29. bxc5 Nc4 30. Rxd8 Rxd8 31. Rd1 Rb8 32. Rb1 Rxb1 33. Nxb1 Qd5 34. a4 Qxc5 35. Qc2 Qd5 36. Nc3 Qf3 37. Qd3 Qf2+ 38. Kh1 Qe1+ 39. Kh2 Qf2+ 40. Kh1 Qe1+ 41. Kh2 Qd2+ 42. Qxd2 Nxd2 43. a5 Nc4 44. a6 Nb6 45. a7 Kf8 46. Na4 Na8 47. Kg2 Ke7 48. Kf3 f5 49. g4 g6 50. gxf5 gxf5 51. Nc5 Kd6 52. Nd3 e4+ 53. Ke2 exd3+ 54. Kxd3 Kd5 55. e4+ fxe4+ 56. Ke3 c5 0-1


[Site "https://www.chess.com"]

[Event "Titled Tuesday Blitz February 15 Early 2022"]
[White "Zaichenko, Daria"]
[Black "Einarsson, Halldor Gretar"]
[WhiteFideId "4197453"]
[BlackFideId "2300150"]
[WhiteElo "2039"]
[BlackElo "2114"]
[Result "1-0"]
[Round "07"]
[TimeControl "180+1"]
[Date "2022.02.15"]
[WhiteClock "0:00:37"]
[BlackClock "0:00:13"]

1. e4 e5 2. Nf3 Nc6 3. Bc4 Bc5 4. d3 Nf6 5. c3 d6 6. O-O h6 7. Bb3 Bg4 8. Nbd2 Qd7 9. h3 Bh5 10. Re1 O-O-O 11. Nf1 g5 12. Ng3 Bg6 13. d4 exd4 14. cxd4 Bb4 15. Bd2 g4 16. hxg4 Qxg4 17. Bxb4 Nxb4 18. Nd2 Nd3 19. Qxg4+ Nxg4 20. Rf1 Nxb2 21. f3 Nf6 22. Bc2 d5 23. Rfc1 dxe4 24. Rab1 Nd3 25. Ndxe4 Nxc1 26. Rxc1 Nxe4 27. fxe4 Rxd4 28. Nf5 Rd2 29. Bb3 Re8 30. Rc4 Bxf5 31. exf5 Re1+ 32. Kh2 Ree2 33. Rg4 Re7 34. f6 Ree2 35. Bxf7 Rd6 36. Rg8+ Kd7 37. Bh5 Rxf6 38. Bxe2 1-0


[Site "https://www.chess.com"]

[Event "Titled Tuesday Blitz February 15 Early 2022"]
[White "Zavivaeva, Emilia"]
[Black "Crispin Ferreras, Darvi Abraham"]
[WhiteFideId "34127531"]
[BlackFideId "6402771"]
[WhiteElo "1685"]
[BlackElo "2187"]
[Result "0-1"]
[Round "07"]
[TimeControl "180+1"]
[Date "2022.02.15"]
[WhiteClock "0:01:10"]
[BlackClock "0:01:36"]

1. e4 c6 2. d4 d5 3. exd5 cxd5 4. Bd3 Nf6 5. c3 Nc6 6. Nf3 Bg4 7. Bg5 e6 8. Nbd2 Be7 9. O-O O-O 10. Qc2 h6 11. Bf4 Rc8 12. a3 Bd6 13. Be5 Bxe5 14. dxe5 Nd7 15. Rae1 Qc7 16. h3 Bxf3 17. Nxf3 Ncxe5 18. Nxe5 Nxe5 19. Be2 Ng6 20. Qd2 Qf4 21. Qd3 Qg5 22. Kh1 Nf4 23. Qb5 Qxg2# 0-1


[Site "https://www.chess.com"]

[Event "Titled Tuesday Blitz February 15 Early 2022"]
[White "Zhu, Jiner"]
[Black "Sadhwani, Raunak"]
[WhiteFideId "8608059"]
[BlackFideId "35093487"]
[WhiteElo "2281"]
[BlackElo "2616"]
[Result "1/2-1/2"]
[Round "07"]
[TimeControl "180+1"]
[Date "2022.02.15"]
[WhiteClock "0:00:06"]
[BlackClock "0:00:08"]

1. e4 e5 2. Nf3 Nc6 3. Bb5 Nge7 4. O-O Ng6 5. d4 exd4 6. Nxd4 Bc5 7. c3 O-O 8. Be3 Bb6 9. f4 d6 10. Nd2 f5 11. Kh1 Nxd4 12. cxd4 fxe4 13. Nxe4 d5 14. Ng3 Nh4 15. Bd3 g6 16. f5 Nxf5 17. Nxf5 Bxf5 18. Bxf5 Rxf5 19. Rxf5 gxf5 20. Qf3 Qd7 21. Rf1 Re8 22. h3 c6 23. Qg3+ Qg7 24. Qf2 Rf8 25. Qh4 Re8 26. Rf3 Bc7 27. Bg5 Re4 28. g4 Qxd4 29. Be3 Qd1+ 30. Kg2 Qe2+ 31. Bf2 Re7 32. Qg5+ Rg7 33. Qxf5 Qe8 34. Bd4 Rg6 35. Bc3 Qe2+ 36. Kg1 Qe8 37. Kg2 a5 38. Kg1 b5 39. h4 b4 40. h5 bxc3 41. hxg6 hxg6 42. Qc2 cxb2 43. Qxb2 Qe4 44. Kg2 Qxg4+ 45. Kf2 Qh4+ 46. Ke3 Qe4+ 47. Kf2 Qh4+ 48. Ke3 Qg5+ 49. Kd3 Qg4 50. Qe2 Qc4+ 51. Kd2 Bf4+ 52. Ke1 Qxe2+ 53. Kxe2 g5 54. Rc3 Kf7 55. Rxc6 g4 56. Kf2 g3+ 57. Kf3 Be5 58. Ra6 d4 59. Rxa5 Ke6 60. Ra8 Kd5 61. Rd8+ Bd6 62. Rc8 d3 63. Rc1 Kd4 64. a4 d2 65. Rd1 Kd3 66. a5 Kc2 67. Rxd2+ Kxd2 68. a6 g2 69. Kxg2 Bc5 70. a7 Bxa7 1/2-1/2


[Site "https://www.chess.com"]

[Event "Titled Tuesday Blitz February 15 Early 2022"]
[White "Abramov, Alexander"]
[Black "Zaichenko, Daria"]
[WhiteFideId "4174089"]
[BlackFideId "4197453"]
[WhiteElo "2067"]
[BlackElo "2039"]
[Result "0-1"]
[Round "08"]
[TimeControl "180+1"]
[Date "2022.02.15"]
[WhiteClock "0:00:02"]
[BlackClock "0:00:14"]

1. e4 c5 2. Nf3 Nc6 3. d4 cxd4 4. Nxd4 Nf6 5. Nc3 d6 6. Bg5 e6 7. Qd2 a6 8. f4 Be7 9. O-O-O Bd7 10. Kb1 b5 11. Bxb5 axb5 12. Ndxb5 Qa5 13. Nxd6+ Kf8 14. Bxf6 gxf6 15. Nxf7 Kxf7 16. Qxd7 Nb4 17. f5 Ra6 18. a3 Rb8 19. fxe6+ Rxe6 20. Nd5 Nxd5 21. Qxd5 Qxa3 22. Qa2 Qxa2+ 23. Kxa2 Rxe4 24. Rhe1 Ra4+ 25. Kb1 Ba3 26. Rd7+ Kg6 27. b3 Ra6 28. Re3 Bd6 29. Re6 Rbb6 30. g4 Be5 31. Rxb6 Rxb6 32. h4 Ra6 33. Kc1 Bc3 34. Kd1 Re6 35. h5+ Kg5 36. Rg7+ Kf4 0-1


[Site "https://www.chess.com"]

[Event "Titled Tuesday Blitz February 15 Early 2022"]
[White "Agasarov, Benik"]
[Black "Kalajzic, Ivan"]
[WhiteFideId "13314823"]
[BlackFideId "14506378"]
[WhiteElo "2603"]
[BlackElo "2163"]
[Result "1-0"]
[Round "08"]
[TimeControl "180+1"]
[Date "2022.02.15"]
[WhiteClock "0:01:10"]
[BlackClock "0:00:17"]

1. e4 Nc6 2. d4 e5 3. dxe5 Nxe5 4. Nf3 Nxf3+ 5. gxf3 Qf6 6. Nc3 Bb4 7. Bd2 Ne7 8. a3 Ba5 9. Bd3 O-O 10. O-O Ng6 11. Nd5 Qh4 12. Bxa5 c6 13. Ne3 Nf4 14. Bc7 Nh3+ 15. Kg2 d5 16. Bg3 Qg5 17. Kh1 h5 18. Ng2 Qh6 19. e5 g5 20. f4 Bg4 21. f3 gxf4 22. Nxf4 Nxf4 23. Bxf4 Qxf4 24. fxg4 Qxe5 25. gxh5 f5 26. Qf3 Rf7 27. Rg1+ Kh8 28. Rae1 Qf6 29. Rg6 Qh4 30. Reg1 Raf8 31. Qxf5 Rf6 32. Rh6+ Rxh6 33. Qxf8# 1-0


[Site "https://www.chess.com"]

[Event "Titled Tuesday Blitz February 15 Early 2022"]
[White "Al-Tarboush, Ward"]
[Black "Agibileg, Uurtsaikh"]
[WhiteFideId "7601450"]
[BlackFideId "4901606"]
[WhiteElo "2276"]
[BlackElo "2205"]
[Result "1-0"]
[Round "08"]
[TimeControl "180+1"]
[Date "2022.02.15"]
[WhiteClock "0:01:37"]
[BlackClock "0:01:07"]

1. e4 c5 2. Nf3 e6 3. d4 cxd4 4. Nxd4 Nc6 5. Nc3 Nf6 6. Nxc6 bxc6 7. e5 Nd5 8. Ne4 Qc7 9. f4 Qb6 10. c4 Bb4+ 11. Ke2 Ba6 12. Kf3 f5 13. Nd6+ Bxd6 14. exd6 Nf6 15. c5 Qb7 16. Bxa6 Qxa6 17. Qd4 O-O-O 18. Be3 Kb7 19. Rac1 Ne4 20. Rc4 g5 21. fxg5 e5 22. Rb4+ Ka8 23. Qc4 Qxc4 24. Rxc4 h6 25. g4 Nxg5+ 26. Bxg5 hxg5 27. gxf5 Rh3+ 28. Kg2 Rd3 29. h4 Rd2+ 30. Kf3 Rh8 31. h5 Rf8 32. Ke3 Rxb2 33. h6 Rxa2 34. h7 Rh8 35. f6 Rb2 36. f7 Rbb8 37. Rg4 Rbf8 38. Rxg5 1-0


[Site "https://www.chess.com"]

[Event "Titled Tuesday Blitz February 15 Early 2022"]
[White "Altucher, James"]
[Black "Soderstrom, Adrian"]
[WhiteFideId "30987458"]
[BlackFideId "1745786"]
[WhiteElo "2173"]
[BlackElo "2107"]
[Result "0-1"]
[Round "08"]
[TimeControl "180+1"]
[Date "2022.02.15"]
[WhiteClock "0:00:05"]
[BlackClock "0:01:45"]

1. e4 e5 2. Bc4 f5 3. d4 Qh4 4. Qe2 Nc6 5. Nf3 Qxe4 6. Nxe5 Nxd4 7. Qxe4 fxe4 8. Kd1 Nf6 9. Bf7+ Ke7 10. Bc4 d5 11. Bb3 c6 12. Be3 Nf5 13. c4 Nxe3+ 14. fxe3 Ng4 15. Nxg4 Bxg4+ 16. Kd2 Rd8 17. cxd5 cxd5 18. Nc3 Kf6 19. Rhf1+ Ke5 20. Rf4 Be6 21. Raf1 Bb4 22. Kc1 Bc5 23. Nd1 Rc8 24. Kb1 Rc6 25. Re1 Bxe3 26. Nxe3 Kxf4 27. Bxd5 Bxd5 28. Nxd5+ Ke5 29. Nc3 Rc4 30. Kc2 Rhc8 31. Re3 b5 32. Kd2 b4 0-1


[Site "https://www.chess.com"]

[Event "Titled Tuesday Blitz February 15 Early 2022"]
[White "Ambartsumova, Karina"]
[Black "Begunov, Konstantin"]
[WhiteFideId "4166299"]
[BlackFideId "4118510"]
[WhiteElo "2262"]
[BlackElo "2262"]
[Result "1-0"]
[Round "08"]
[TimeControl "180+1"]
[Date "2022.02.15"]
[WhiteClock "0:00:12"]
[BlackClock "0:00:12"]

1. e4 c5 2. Nf3 d6 3. Bb5+ Bd7 4. Bxd7+ Qxd7 5. O-O Nf6 6. Qe2 Nc6 7. c3 e6 8. d4 cxd4 9. cxd4 d5 10. e5 Ne4 11. Ne1 f6 12. exf6 Nxf6 13. Nf3 Bd6 14. Nc3 O-O 15. Bg5 Rae8 16. Qd3 Nh5 17. Rfe1 Nf4 18. Bxf4 Bxf4 19. Re2 Qf7 20. Rae1 Qf6 21. g3 Bc7 22. Kg2 Bb6 23. Nxd5 Qxf3+ 24. Qxf3 Rxf3 25. Kxf3 Nxd4+ 26. Kg2 Nxe2 27. Rxe2 Ba5 28. b4 Bd8 29. b5 Kf7 30. Nf4 Bc7 31. Nd3 Rd8 32. Rc2 Bb8 33. Nc5 Rc8 34. Rc1 Ke7 35. Kf3 b6 36. Nd3 Rxc1 37. Nxc1 Kd6 38. Nb3 Kd5 39. Ke3 Kc4 40. Nd4 e5 41. Nc6 Bd6 42. Nxa7 Kb4 43. Ke4 Ka3 44. Nc6 Kxa2 45. Nxe5 Kb3 46. Nd7 Bc7 47. Kd5 Kb4 48. Kc6 Bd8 49. Nxb6 Kc3 50. Nd5+ Kd3 51. b6 Bxb6 52. Kxb6 Ke2 53. f4 Kf3 54. Kc6 Kg2 55. Kd6 Kxh2 56. g4 Kg3 57. g5 Kg4 58. Ke5 h5 59. gxh6 gxh6 60. f5 h5 61. Nf6+ Kg5 62. Nxh5 Kxh5 63. Ke6 Kh6 64. f6 Kh7 65. f7 Kg7 66. Ke7 1-0


[Site "https://www.chess.com"]